 Dungeon Crawl Stone Soup version 0.31-a0-1074-g0b22e4e0f1 (webtiles) character file.

Game seed: 16058148344574153516

609813 grandjackal the Slayer (level 26, -1/261 HPs)
             Began as a Ghoul Monk on Dec 1, 2023.
             Was a High Priest of Ashenzari.
             Slain by a death scarab (21 damage)
             ... on level 2 of the Tomb of the Ancients.
             The game lasted 02:18:08 (60859 turns).

grandjackal the Slayer (Ghoul Monk)                Turns: 60859, Time: 02:18:09

Health: -1/261     AC: 39    Str: 27 (29) XL:     26   Next: 93%
Magic:  2/41       EV:  6    Int: 20      God:    Ashenzari [*****.]
Gold:   4527       SH:  0    Dex: 14      Spells: 9/55 levels left

rFire   + . .        u - staff of Cremastomancy (curse) {rF+ rC+ rN+ Str+4 Conj Ice, Elem, Comp} (curse)
rCold   + + +        R - +0 kite shield of the Fated Soothsayer {Fort, Comp} (curse)
rNeg    + + +        m - +9 scale mail "Esoteric Disgust" {Str+4, Comp, Self} (curse)
rPois   ∞            k - +2 helmet of Apeoromancy {Comp, Dev} (curse)
rElec   +            t - +2 cloak {Will+}
rCorr   +            V - +2 pair of gloves of the Enlightened Sky {Elem, Dev} (curse)
SInv    +            K - +5 pair of boots of Ashenzari's Fetters {rC+ Regen+ Int+3 Slay+3, Melee, Dev} (curse)
Will    ++...        r - amulet "Gaze Upon Infinity" {Reflect SH+5, Fort, Dev} (curse) Stlth
                     U - ring "Tethered Seer" {rElec AC+4 Str+2 Dex+3, Dev, Elem} (curse)
HPRegen 0.00/turn    a - ring of the Restrained Vision {rCorr, Elem, Fort} (curse)
MPRegen 0.27/turn

%: reflection, clarity
@: marked, calling dragons, held, inhibited regen, slowed, studying Long Blades,
very slow
A: claws 1, cold resistance 1, negative energy resistance 3, inhibited
regeneration, torment resistance 2, devour on kill
}: 5/15 runes: barnacled, slimy, silver, abyssal, gossamer
a: Renounce Religion, Curse Item, Shatter the Chains


You were on level 2 of the Tomb of the Ancients.
You worshipped Ashenzari.
Ashenzari was extremely pleased with you.
You visited 11 branches of the dungeon, and saw 52 of its levels.
You visited the Abyss 2 times.
You also visited: Sewer, Ossuary and Gauntlet.

You collected 7043 gold pieces.
You spent 2516 gold pieces at shops.

Inventory:

Missiles
 F - 12 throwing nets
Armour
 c - +9 gold dragon scales
 k - the cursed +2 helmet of Apeoromancy (worn) {Comp, Dev}
   (You found it on level 2 of the Dungeon)

   It has a curse which improves the following skills: Companions: Summonings
   and Necromancy.
   Devices:   Evocations.
 m - the cursed +9 scale mail "Esoteric Disgust" (worn) {Str+4, Comp, Self}
   (You bought it in a shop on level 2 of the Orcish Mines)

   Str+4:     It affects your strength (+4).
   It has a curse which improves the following skills: Companions: Summonings
   and Necromancy.
   Introspection: Fighting and Spellcasting.
 t - a +2 cloak of willpower (worn)
 K - the cursed +5 pair of boots of Ashenzari's Fetters (worn) {rC+ Regen+ Int+3 Slay+3, Melee, Dev}
   (You found it in a Gauntlet)

   Int+3:     It affects your intelligence (+3).
   Slay+3:    It affects your accuracy & damage with ranged weapons and melee
   (+3).
   rC+:       It protects you from cold.
   Regen+:    It increases your rate of health regeneration.
   It has a curse which improves the following skills: Melee Combat: Short
   Blades, Long Blades, Axes, Maces & Flails, Polearms, Staves and Unarmed
   Combat.
   Devices:   Evocations.
 R - the cursed +0 kite shield of the Fated Soothsayer (worn) {Fort, Comp}
   (You took it off an orc warlord on level 1 of the Orcish Mines)

   It has a curse which improves the following skills: Fortitude: Armour and
   Shields.
   Companions: Summonings and Necromancy.
 V - the cursed +2 pair of gloves of the Enlightened Sky (worn) {Elem, Dev}
   (You found it on level 5 of the Dungeon)

   It has a curse which improves the following skills: Elements: Fire Magic, Ice
   Magic, Air Magic and Earth Magic.
   Devices:   Evocations.
Magical Staves
 u - the cursed staff of Cremastomancy (weapon) {rF+ rC+ rN+ Str+4 Conj Ice, Elem, Comp}
   (You acquired it on level 6 of the Dungeon)

   [staff of cold]

   Base accuracy: +5 Base damage: 5 Base attack delay: 1.2 This weapon's minimum
   attack delay (0.6) is reached at skill level 12.
   Str+4:     It affects your strength (+4).
   rF+:       It protects you from fire.
   rC+:       It protects you from cold.
   rN+:       It protects you from negative energy.
   Conj:      It increases the power of your Conjurations spells.
   Ice:       It increases the power of your Ice spells.
   It falls into the 'Staves' category.
   It is a one-clawed weapon.
   It has a curse which improves the following skills: Elements: Fire Magic, Ice
   Magic, Air Magic and Earth Magic.
   Companions: Summonings and Necromancy.
Jewellery
 a - the cursed ring of the Restrained Vision (right hand) {rCorr, Elem, Fort}
   (You found it on level 5 of the Lair of Beasts)

   [ring of resist corrosion]

   rCorr:     It protects you from acid and corrosion.
   It has a curse which improves the following skills: Elements: Fire Magic, Ice
   Magic, Air Magic and Earth Magic.
   Fortitude: Armour and Shields.
 r - the cursed amulet "Gaze Upon Infinity" (around neck) {Reflect SH+5, Fort, Dev}
   (You found it on level 14 of the Dungeon)

   [amulet of reflection]

   Reflect:   It reflects blocked missile attacks.
   SH+5:      It affects your SH (+5).
   It has a curse which improves the following skills: Fortitude: Armour and
   Shields.
   Devices:   Evocations.
 U - the cursed ring "Tethered Seer" (left hand) {rElec AC+4 Str+2 Dex+3, Dev, Elem}
   (You bought it in a shop on level 2 of the Orcish Mines)

   [ring of protection]

   AC+4:      It affects your AC (+4).
   Str+2:     It affects your strength (+2).
   Dex+3:     It affects your dexterity (+3).
   rElec:     It insulates you from electricity.
   It has a curse which improves the following skills: Devices: Evocations.
   Elements:  Fire Magic, Ice Magic, Air Magic and Earth Magic.
Wands
 l - a wand of acid (2)
 C - a wand of paralysis (44)
 E - a wand of mindburst (48)
 G - a wand of polymorph (32)
 J - a wand of digging (11)
 L - a wand of iceblast (50)
 O - a wand of flame (50)
Scrolls
 e - 20 scrolls of teleportation
 h - 8 scrolls of revelation
 j - 38 scrolls of identify
 q - 11 scrolls of fog
 s - 8 scrolls of poison
 v - 10 scrolls of blinking
 y - 7 scrolls of amnesia
 B - 7 scrolls of fear
 D - 2 scrolls of torment
 S - a scroll of silence
 T - 3 scrolls of butterflies
 Z - a scroll of immolation
Potions
 b - 15 potions of ambrosia
 f - 12 potions of enlightenment
 g - 25 potions of curing
 n - 9 potions of haste
 o - 4 potions of magic
 p - 6 potions of heal wounds
 w - 5 potions of resistance
 x - 2 potions of attraction
 A - 4 potions of invisibility
 H - 8 potions of brilliance
 I - 3 potions of cancellation
 W - 6 potions of might
Miscellaneous
 N - a box of beasts
 P - a lightning rod (3/4)
 Q - a phantom mirror
 X - a phial of floods


   Skills:
 - Level 24.3(26.0) Fighting
 - Level 7.9(10.1) Staves
 - Level 6.9(11.1) Armour
 - Level 3.0 Dodging
 - Level 12.9(17.0) Shields
 - Level 8.6(10.8) Unarmed Combat
 - Level 12.9(15.0) Spellcasting
 - Level 20.5(25.2) Summonings
 + Level 11.4(16.4) Necromancy
 - Level 22.7(27) Ice Magic
 - Level 13.5(19.4) Evocations


You had 9 spell levels left.
You knew the following spells:

 Your Spells              Type           Power      Damage    Failure   Level
a - Ozocubu's Armour      Ice            100%       N/A       0%          3
b - Vampiric Draining     Necr           69%        2d10      1%          3
c - Dispel Undead         Necr           69%        3d23      1%          4
d - Agony                 Necr           69%        N/A       1%          5
e - Simulacrum            Ice/Necr       50%        N/A       1%          6
f - Ozocubu's Refrigerat  Ice            55%        4d19      1%          7
g - Polar Vortex          Ice            55%        12d7*     16%         9
h - Dragon's Call         Summ           43%        N/A       34%         9

Your spell library contained the following spells:

 Spells                   Type           Power      Damage    Failure   Level
 Necrotise                Necr           100%       1d9       0%          1
 Call Imp                 Summ           100%       N/A       0%          2
 Call Canine Familiar     Summ           86%        N/A       0%          3
 Summon Ice Beast         Ice/Summ       100%       N/A       0%          4
 Kiss of Death            Conj/Necr      100%       2d13      1%          1
 Cigotuvi's Dreadful Rot  Necr/Pois/Air  74%        N/A       1%          2
 Ensorcelled Hibernation  Hex/Ice        100%       N/A       1%          2
 Hailstorm                Conj/Ice       100%       3d20      1%          3
 Animate Armour           Summ/Erth      100%       N/A       1%          4
 Animate Dead             Necr           69%        N/A       1%          4
 Metabolic Englaciation   Hex/Ice        40%        N/A       1%          5
 Summon Forest            Summ/Tloc      30%        N/A       1%          5
 Summon Mana Viper        Hex/Summ       60%        N/A       1%          5
 Death Channel            Necr           34%        N/A       1%          6
 Summon Cactus Giant      Summ           43%        N/A       1%          6
 Summon Hydra             Summ           43%        N/A       1%          7
 Summon Horrible Things   Summ           43%        N/A       2%          8
 Anguish                  Hex/Necr       23%        N/A       3%          4
 Freezing Cloud           Conj/Ice/Air   43%        6-21      6%          5
 Foxfire                  Conj/Fire      96%        2x1d8     9%          1
 Shock                    Conj/Air       96%        1d9       9%          1
 Borgnjor's Vile Clutch   Necr/Erth      24%        N/A       9%          5
 Apportation              Tloc           30%        N/A       11%         1
 Magic Dart               Conj           88%        1d7       11%         1
 Sting                    Tmut/Pois      60%        1d6       11%         1
 Scorch                   Fire           36%        2d6       12%         2
 Poisonous Vapours        Pois/Air       32%        N/A       14%         2
 Jinxbite                 Hex            30%        N/A       16%         2
 Lesser Beckoning         Tloc           30%        N/A       16%         2
 Swiftness                Air            18%        N/A       22%         3
 Inner Flame              Hex/Fire       16%        N/A       26%         3
 Stone Arrow              Conj/Erth      48%        3d10      26%         3
 Volatile Blastmotes      Fire/Tloc      32%        2d12      26%         3
 Ignite Poison            Fire/Tmut/Pois 16%        N/A       28%         3
 Mephitic Cloud           Conj/Pois/Air  24%        N/A       28%         3
 Dazzling Flash           Conj/Hex       44%        N/A       30%         3
 Gell's Gravitas          Tloc           15%        N/A       30%         3
 Sigil of Binding         Hex            15%        N/A       30%         3
 Teleport Other           Tloc           15%        N/A       30%         3
 Malign Gateway           Summ/Tloc      30%        N/A       45%         7
 Spellforged Servitor     Conj/Summ      39%        N/A       45%         7
 Airstrike                Air            9%         2d(2-18)  58%         4
 Flame Wave               Conj/Fire      24%        2d8       65%         4
 Leda's Liquefaction      Hex/Erth       8%         N/A       65%         4
 Sticky Flame             Conj/Fire      24%        2d5       65%         4
 Vhi's Electric Charge    Tloc/Air       32%        N/A       65%         4
 Dimensional Bullseye     Hex/Tloc       7%         N/A       71%         4
 Lee's Rapid Deconstruct  Erth           8%         3d7*      91%         5
 Arcjolt                  Conj/Air       12%        1d22      94%         5
 Alistair's Intoxication  Tmut/Pois      10%        N/A       96%         5
 Irradiate                Conj/Tmut      11%        3d15      96%         5
 Iskenderun's Battlesphe  Conj           22%        2d8       96%         5
 Yara's Violent Unravell  Hex/Tmut       7%         3d5       96%         5
 Bombard                  Conj/Erth      12%        9d3       100%        6
 Conjure Ball Lightning   Conj/Air       12%        3x3d6     100%        6
 Eringya's Noxious Bog    Tmut/Pois      7%         4d6       100%        6
 Plasma Beam              Fire/Air       9%         2x1d19    100%        6
 Starburst                Conj/Fire      12%        6d5       100%        6
 Enfeeble                 Hex            7%         N/A       100%        7
 Ignition                 Fire           9%         3d5       100%        8
 Lehudib's Crystal Spear  Conj/Erth      12%        10d4      100%        8
 Wereblood                Tmut           Unusable   N/A       N/A         2

Dungeon Overview and Level Annotations

Branches:
Dungeon (15/15)            Temple (0/1) D:4            Lair (5/5) D:10
 Shoals (4/4) Lair:2       Spider (4/4) Lair:2        Slime (5/5) Lair:5
    Orc (2/2) D:12            Elf (3/3) Orc:2        Vaults (5/5) D:13
  Crypt (3/3) Vaults:2       Tomb (2/3) Crypt:3      Depths (4/4) D:15
    Zot (0/5) Depths:4      Sewer (visited)         Ossuary (visited)
Gauntlet (visited)

Altars:
Ashenzari
Dithmenos
Gozag
Hepliaklqana
Kikubaaqudgha
Makhleb
Sif Muna
Trog
Uskayaw
Vehumet
Wu Jian

Shops:
D:1 *?(   D:5 :   Orc:2 :(*=[   Elf:3 =   Vaults:1 ?   Vaults:3 !
Depths:2 :=:   Depths:3 [:[:

Portals:
Hell: Depths:1 Depths:2 Depths:3 Depths:4
Abyss: Depths:3 Depths:4
Pandemonium: Depths:1 Depths:2 Depths:3 Depths:4
Ziggurat: Depths:2
Bazaar: Depths:4
Trove: Depths:4 (give 6 potions of haste)

Annotations:
D:7 exclusion: statue
D:11 2 transporters, Honnehixisu's ghost, journeyman GrFi
Spider:4 2 transporters, Lobster4's ghost, adept DECj; Roxanne; olourkin's ghost, adept DsGl
Elf:2 3 runed translucent doors
Depths:1 1 runed translucent door, Heckotz's ghost, veteran DEHs


Innate Abilities, Weirdness & Mutations

You are immune to poison.
You have sharp fingernails.
Your flesh is cold resistant. (rC+)
You are immune to negative energy. (rN+++)
You do not regenerate when monsters are visible.
You are immune to unholy pain and torment.
You thrive by killing the living.


Message History

The death scarab blinks! x3; The guardian mummy blinks!
The mummy blinks!
You blink.
The death scarab blinks!
The death scarab bites you.
* * * LOW HITPOINT WARNING * * *
The guardian mummy barely misses you.
The death scarab enters a dispersal trap!
The death scarab blinks! x9; The mummy blinks!
You blink.
You become entangled in the net!
The death scarab blinks!
The death scarab bites you but does no damage.
The death scarab completely misses you.
Unknown command.
Unknown command.
Unknown command.
Unknown command.
You feel much better.
A dragon tries to answer your call, but you don't have enough magical power!
The death scarab bites you!
* * * LOW HITPOINT WARNING * * *
The death scarab drains your vigour!
You feel as though you will be slow longer.
The death scarab barely misses you.
The death scarab bites you but does no damage. x2
The death scarab bites you!
* * * LOW HITPOINT WARNING * * *
The death scarab drains your vigour!
You feel as though you will be slow longer.
The death scarab completely misses you.
The death scarab bites you but does no damage.
The guardian mummy enters a dispersal trap!
The death scarab blinks! x4; The guardian mummy blinks!
The death scarab blinks!
The mummy blinks! x2
Unknown command.
Unknown command.
Unknown command.
Unknown command.
Unknown command.
You struggle against the net.
A dragon tries to answer your call, but you don't have enough magical power! x2
The death scarab bites you but does no damage. x4
The death scarab bites you!!
You die...

,,,^<,,*,,,,^*
,^,,,,,*,,,,,*
,,,,,,,,,,,,*,,*,,,,,*
...###.....,*,,*,^,∆^*
..#...#...,,*,,',,^,,*
.#..[.M#.,,.*,,#######
#.......#,.#,,,#B....#
#.......#{.#..,#M....#
.........#,#..{#@BB.M#
..M(.....##...,#BB...#
...M.....{#.{,{#BMBB.#
......3.9##.,{{#B.BM.#
......{M.#{#,,{#§.B..#
#.....M{#{{#,{.#...§.#
#....BMB#{{#{..#.M.M^#
.#...{.#B{{{#,,#§....#
..#...#Ms.{.#,,#.§{.{#


You could see 3 guardian mummies, 11 death scarabs and 3 mummies.

Vanquished Creatures
  the Royal Jelly (Slime:5)
  A dread lich (Crypt:3)
  2 ancient liches (Crypt:3)
  Khufu (Crypt:2)
  Mara (Shoals:3)
  Sojobo (Depths:2)
  5 royal mummies
  Xtahua (Vaults:5)
  Parghit (Depths:4)
  Margery (Vaults:5)
  2 caustic shrikes
  A curse toe (Crypt:3)
  Nikola (Vaults:1)
  Jory (Vaults:2)
  4 golden dragons
  A bone dragon (Vaults:2)
  A shard shrike zombie (Crypt:2)
  Arachne (Spider:3)
  3 doom hounds
  2 Tzitzimimeh (Vaults:2)
  3 tentacled monstrosities
  5 liches
  4 titans
  Rupert (D:12)
  A deep elf master archer (Elf:3)
  2 deep elf blademasters (Elf:3)
  13 sphinxes
  Grunn (Crypt:1)
  4 quicksilver dragons
  8 acid blobs
  6 krakens
  Asterion (Vaults:2)
  5 ancient champions
  Agnes (Elf:1)
  6 tengu reavers
  Donald (Elf:1)
  3 storm dragons
  Aizul (Spider:4)
  15 rockslimes
  Ilsuiw (Shoals:2)
  A revenant (Crypt:2)
  3 shadow dragons
  5 emperor scorpions
  13 azure jellies
  7 frost giants
  20 vault wardens
  8 fire giants
  2 ghost moths (Spider:4)
  A balrug (Depths:3)
  8 deep elf sorcerers (Elf:3)
  3 iron dragons
  Louise (D:14)
  4 deep elf elementalists (Elf:3)
  A curse skull (Crypt:3)
  31 very ugly things
  An orc warlord (Orc:1)
  5 spriggan defenders (Depths:2)
  12 stone giants
  4 broodmothers
  10 quicksilver oozes
  8 ghouls
  A green draconian (Depths:4)
  18 ironbound preservers
  5 vampire knights
  12 formless jellyfish
  3 war gargoyles
  6 ironbound thunderhulks
  A putrid mouth (Vaults:2)
  A black draconian (Depths:4)
  8 deep elf demonologists
  A bunyip (shapeshifter) (Vaults:2)
  Nessos (D:13)
  12 deep elf annihilators
  7 spark wasps
  A minotaur (Gauntlet)
  8 dire elephants
  Azrael (Spider:2)
  A purple draconian (Depths:4)
  9 merfolk impalers
  2 blizzard demons
  9 ettins
  4 merfolk javelineers
  Josephine (Lair:5)
  Snorg (Orc:2)
  2 eidola
  11 deep elf death magi
  8 jiangshi
  4 hydras
  3 fire dragons
  A spriggan zombie (Tomb:1)
  4 mummy priests (Tomb:1)
  4 entropy weavers
  20 yaktaur captains
  8 great orbs of eyes
  4 deep elf high priests
  A fenstrider witch zombie (Crypt:2)
  Harold (D:9)
  5 rakshasas
  37 vault guards
  3 peacekeepers
  A hell beast (Depths:4)
  4 spriggan air magi
  6 ogre magi
  5 merfolk aquamancers
  5 ice dragons
  4 radroaches
  Erolcha (D:12)
  2 catoblepae
  17 centaur warriors
  5 merfolk avatars
  2 alligator snapping turtles
  21 two-headed ogres
  11 ironbound frosthearts
  An anaconda (shapeshifter) (Vaults:2)
  14 dancing weapons
  13 boulder beetles
  3 jorogumos
  A satyr (Shoals:4)
  5 death yaks
  16 demonic crawlers
  9 death scarabs (Tomb:1)
  5 vampire magi
  3 deep troll shamans (Depths:4)
  5 tengu warriors
  2 occultists
  Urug (D:13)
  9 orc high priests (Orc:2)
  A deep troll earth mage (Depths:3)
  5 spriggan berserkers
  A hell hog (Depths:4)
  10 hell knights
  A thrashing horror (Abyss:3)
  5 spriggans
  7 deep elf knights
  3 soul eaters
  4 iron trolls (Depths:4)
  A sixfirhy (Depths:3)
  4 wretched stars (Abyss:3)
  3 shadow wraiths
  5 skysharks
  22 skeletal warriors
  A spark wasp zombie (Crypt:3)
  3 sun moths
  57 deep trolls
  11 orb spiders
  12 sea snakes
  4 glowing orange brains
  6 pharaoh ants
  A shadow demon (Depths:3)
  3 flayed ghosts
  A shadow dragon zombie (Vaults:5)
  4 steelbarb worms
  9 deep elf archers
  21 harpies
  20 ironbound convokers
  8 arcanists
  13 lindwurms
  17 deep elf zephyrmancers
  2 bog bodies
  9 phantasmal warriors
  An iron dragon zombie (Crypt:3)
  3 orc knights
  32 wolf spiders
  29 deep elf pyromancers
  An eleionoma zombie (Crypt:1)
  2 oklob plants (Spider:1)
  A shadow dragon skeleton (Tomb:1)
  41 ugly things
  23 fauns
  3 orc sorcerers
  6 shining eyes
  6 necromancers
  13 manticores
  20 merfolk sirens
  16 elephants
  A tengu skeleton (Vaults:5)
  Joseph (D:9)
  3 black mambas
  88 slime creatures
  An iron dragon skeleton (Vaults:5)
  15 cyclopes
  A fire giant skeleton (Crypt:2)
  16 vault sentinels
  13 cane toads
  3 moths of wrath
  5 water nymphs
  3 centaur skeletons (Tomb:1)
  A water nymph (shapeshifter) (Vaults:5)
  4 gargoyles
  3 molten gargoyles (Lair:5)
  An eye of devastation (Slime:3)
  12 komodo dragons
  7 torpor snails
  A shock serpent skeleton (Crypt:3)
  2 unseen horrors (shapeshifter)
  10 rime drakes
  27 yaktaurs
  3 freezing wraiths
  2 tengu conjurers (Depths:1)
  12 guardian mummies (Tomb:1)
  A merfolk (shapeshifter) (Vaults:2)
  A queen bee (Abyss:3)
  13 meliai
  2 polar bears
  An iron troll skeleton (Crypt:3)
  A minotaur skeleton (Crypt:2)
  41 merfolk
  A red draconian skeleton (Crypt:1)
  9 trolls
  A hellwing (Abyss:3)
  10 hornets
  A hydra skeleton (Tomb:1)
  Prince Ribbit (D:8)
  4 glass eyes
  A death drake skeleton (Crypt:3)
  A snapping turtle (shapeshifter) (Elf:2)
  Grinder (D:4)
  10 wind drakes
  5 dream sheep
  21 tarantellas
  A dream sheep (shapeshifter) (Vaults:5)
  A culicivora zombie (Crypt:2)
  7 snapping turtles
  6 flying skulls
  An air elemental (Elf:2)
  19 culicivoras
  A shadow (D:13)
  7 wyverns
  26 jumping spiders
  16 water elementals
  3 ushabtiu (Tomb:1)
  2 ynoxinuls
  49 yaks
  A black mamba zombie (Crypt:2)
  13 wraiths
  A wind drake zombie (Crypt:1)
  5 fire elementals
  17 golden eyes
  6 basilisks
  A neqoxec (Abyss:3)
  53 redbacks
  4 steam dragons
  A human simulacrum (Vaults:5)
  A redback (shapeshifter) (Vaults:2)
  A chaos spawn (Gauntlet)
  A glowing shapeshifter zombie (Vaults:5)
  11 vampire mosquitoes
  8 wargs (Orc:2)
  11 water moccasins
  6 hell hounds
  A black bear (shapeshifter) (Vaults:2)
  An ice beast (D:6)
  21 orc warriors
  A sky beast (D:8)
  2 black bears
  12 ogres
  A boggart (Vaults:1)
  20 wolves
  A snapping turtle skeleton (Crypt:3)
  12 centaurs
  A blink frog skeleton (Crypt:2)
  A komodo dragon zombie (Crypt:2)
  A hog skeleton (Crypt:3)
  3 kobold brigands
  13 bullfrogs
  An elf skeleton (Crypt:1)
  4 earth elementals
  11 scorpions
  7 necrophages
  7 wights
  A water moccasin skeleton (Crypt:1)
  A raiju zombie (Crypt:1)
  15 killer bees
  2 howler monkeys
  4 electric eels
  2 quasits (D:8)
  2 centaur zombies (Ossuary)
  A jelly (D:7)
  5 lava snakes (Lair:5)
  2 gnoll boudas
  A hound (D:7)
  2 human zombies (Ossuary)
  38 orc priests
  2 sleepcaps (D:4)
  3 iron imps (Gauntlet)
  7 iguanas
  28 orc wizards
  8 hell rats
  6 scorpion zombies (Ossuary)
  16 mummies
  11 gnolls
  7 river rats (Sewer)
  17 adders
  3 shadow imps
  3 white imps (D:8)
  An iguana zombie (Crypt:1)
  A jelly zombie (Crypt:1)
  A lava snake zombie (Crypt:3)
  A worm zombie (Crypt:2)
  An iguana skeleton (Crypt:2)
  5 worms
  6 dart slugs
  119 orcs
  9 bats
  A bat zombie (Crypt:2)
  8 endoplasms
  8 giant cockroaches
  5 gnoll zombies
  13 goblins
  7 hobgoblins
  4 jackals (Sewer)
  4 quokkas
  11 ball pythons
  5 frilled lizards
  A goblin zombie (Ossuary)
  A hobgoblin skeleton (Crypt:3)
  2 hobgoblin zombies (Ossuary)
  A jackal zombie (Crypt:3)
  18 kobolds
  5 kobold zombies
  An orc zombie (Ossuary)
  A rat (shapeshifter) (Vaults:5)
  13 tentacles
2335 creatures vanquished.

Vanquished Creatures (collateral kills)
  2 caustic shrikes (Depths:4)
  A bone dragon (Depths:4)
  Jorgrun (D:13)
  A shadow dragon (Depths:4)
  A tengu reaver (Depths:2)
  A draconian knight (Depths:4)
  A frost giant (Depths:4)
  A deep elf elementalist (Elf:3)
  A draconian stormcaller (Depths:4)
  A yellow draconian (Depths:4)
  A mummy priest (Tomb:2)
  A rakshasa (Depths:2)
  A hydra (D:13)
  2 centaur warriors
  A dancing weapon (Elf:2)
  A hell knight (Depths:4)
  A spriggan berserker (Depths:4)
  A deep troll (Depths:4)
  2 cyclopes (D:13)
  A merfolk (Shoals:3)
  A vampire mosquito (D:13)
  2 orc warriors (Orc:1)
  An orc wizard (Orc:1)
  A mummy (Tomb:2)
  2 orcs (Orc:1)
30 creatures vanquished.

Vanquished Creatures (others)
  A deep elf zephyrmancer (Elf:3)
  A wolf spider (Spider:2)
  A glass eye (Depths:2)
  20 tentacles
23 creatures vanquished.

Grand Total: 2388 creatures vanquished

Notes
Turn   | Place    | Note
-------+----------+-------------------------------------------
     0 | D:1      | grandjackal the Ghoul Monk began the quest for the Orb.
     0 | D:1      | Reached XP level 1. HP: 19/19 MP: 0/0
    43 | D:1      | Found Zois's General Store.
   318 | D:1      | Found Volih's Weapon Shop.
   354 | D:1      | Found Manifej's Magic Scroll Emporium.
   404 | D:1      | Reached XP level 2. HP: 26/26 MP: 1/1
   817 | D:1      | Bought a scroll of teleportation for 33 gold pieces
   830 | D:2      | Reached XP level 3. HP: 33/33 MP: 2/2
  1035 | D:2      | Reached skill level 4 in Fighting
  1209 | D:2      | Reached XP level 4. HP: 40/40 MP: 3/3
  1622 | D:1      | Bought a scroll of fog for 44 gold pieces
  1650 | D:3      | Found a broken altar of Ashenzari.
  1661 | D:3      | Became a worshipper of Ashenzari the Shackled
  1744 | D:3      | Learned a level 3 spell: Ozocubu's Armour
  1877 | D:3      | Found a glowing drain.
  1881 | Sewer    | Entered a sewer
  1902 | Sewer    | Reached skill level 1 in Ice Magic
  1902 | Sewer    | Reached XP level 5. HP: 37/47 MP: 4/4
  2352 | Sewer    | Reached skill level 5 in Fighting
  2352 | Sewer    | Reached skill level 5 in Unarmed Combat
  2395 | Sewer    | Reached XP level 6. HP: 56/56 MP: 5/5
  2702 | D:3      | Found a hide-covered altar of Uskayaw.
  2853 | D:3      | Identified the +7 sling of the Secret Demons {antimagic,
                  | Stlth+}
  3112 | D:4      | Found a staircase to the Ecumenical Temple.
  3253 | D:4      | Noticed Grinder
  3254 | D:4      | Paralysed by Grinder for 4 turns
  3262 | D:4      | Noticed an orc warrior
  3299 | D:4      | Killed an orc warrior
  3300 | D:4      | Reached XP level 7. HP: 27/62 MP: 6/6
  3322 | D:4      | Paralysed by Grinder for 3 turns
  3326 | D:4      | Paralysed by Grinder for 5 turns
  3332 | D:4      | Killed Grinder
  3333 | D:4      | Reached skill level 6 in Fighting
  3564 | D:5      | Entered Level 5 of the Dungeon
  3729 | D:5      | Found a sand-covered staircase.
  3739 | Ossuary  | Entered an ossuary
  3812 | Ossuary  | Reached XP level 8. HP: 71/71 MP: 7/7
  3858 | Ossuary  | Reached skill level 7 in Fighting
  3858 | Ossuary  | Reached skill level 5 in Ice Magic
  4265 | D:5      | Reached XP level 9. HP: 81/81 MP: 8/8
  4316 | D:5      | Reached skill level 8 in Fighting
  4445 | D:5      | Found Honuilei's Tremendous Tomes.
  4539 | D:5      | Found an opulent altar of Gozag.
  5497 | D:6      | Reached * piety under Ashenzari
  5497 | D:6      | Identified a scroll of acquirement
  5498 | D:6      | Acquired the staff "Transmigrator" {rF+ rC+ rN+ Str+4 Conj
                  | Ice}
  5526 | D:6      | Found a bloodstained altar of Trog.
  5867 | D:6      | Reached skill level 1 in Staves
  5867 | D:6      | Reached skill level 1 in Evocations
  6056 | D:7      | Learned a level 3 spell: Vampiric Draining
  6087 | D:7      | Reached skill level 9 in Fighting
  6269 | D:7      | Identified the +1 ring mail "Ugrasac" {+Blink rN+ Str+4
                  | Int-5}
  6515 | D:7      | Found a radiant altar of Vehumet.
  6634 | D:8      | Reached XP level 10. HP: 91/91 MP: 9/9
  7012 | D:8      | Found a shimmering blue altar of Sif Muna.
  7321 | D:8      | Found an ornate altar of the Wu Jian Council.
  7435 | D:8      | Noticed a gargoyle
  7442 | D:8      | Killed a gargoyle
  7443 | D:8      | Reached skill level 10 in Fighting
  7457 | D:9      | Noticed a cyclops
  7457 | D:9      | Identified the +1 ring mail of Eternal Vigilance {Dex+2}
  7458 | D:9      | Noticed Prince Ribbit
  7475 | D:8      | Killed Prince Ribbit
  7481 | D:9      | Noticed a boulder beetle
  7659 | D:9      | Noticed Harold
  7671 | D:9      | Killed Harold
  7742 | D:9      | Killed a cyclops
  7743 | D:9      | Reached XP level 11. HP: 43/101 MP: 10/10
  7867 | D:9      | a boulder beetle changed into a minotaur
  7867 | D:9      | Noticed a minotaur
  7876 | D:9      | Found a shadowy altar of Dithmenos.
  7918 | D:10     | Entered Level 10 of the Dungeon
  8179 | D:10     | Reached skill level 5 in Staves
  8179 | D:10     | Reached skill level 5 in Evocations
  8633 | D:10     | Reached ** piety under Ashenzari
  9015 | D:9      | Noticed Joseph
  9028 | D:9      | Killed Joseph
  9029 | D:9      | Reached skill level 11 in Fighting
  9090 | D:9      | Found a burning altar of Makhleb.
  9091 | D:9      | Noticed an angel
  9091 | D:9      | Noticed a balrug
  9318 | D:10     | Found a hazy altar of Hepliaklqana.
  9365 | D:10     | Found a staircase to the Lair.
  9626 | D:11     | Noticed a moth of wrath
  9632 | D:11     | Noticed a fire dragon
  9642 | D:11     | Noticed Honnehixisu's ghost (journeyman GrFi)
  9670 | D:11     | Noticed a red ugly thing
  9694 | D:11     | Killed a white ugly thing
  9695 | D:11     | Reached skill level 10 in Ice Magic
  9899 | D:11     | Identified the Thoughts on the Quantum Pyromaniac
 10154 | D:11     | Noticed a cyclops
 10160 | D:11     | Killed a cyclops
 10161 | D:11     | Reached skill level 1 in Necromancy
 10293 | D:11     | Found a transporter.
 10315 | D:11     | Reached *** piety under Ashenzari
 10316 | D:11     | Found a transporter.
 10350 | D:11     | Noticed a cyclops
 10360 | D:11     | Noticed a two-headed ogre
 10363 | D:11     | Killed a cyclops
 10370 | D:11     | Killed a two-headed ogre
 10964 | D:12     | Noticed a centaur warrior
 10976 | D:11     | Reached XP level 12. HP: 103/115 MP: 11/11
 11005 | D:12     | Identified the maw talisman "Xarr" {rElec Will+ rCorr}
 11005 | D:12     | Noticed Rupert
 11016 | D:12     | Killed Rupert
 11018 | D:12     | Identified the +5 mace "Jeitimon" {heavy, rElec rPois
                  | Dex-2}
 11029 | D:12     | Found a gate leading to a gauntlet.
 11041 | D:12     | Reached skill level 12 in Fighting
 11059 | Gauntlet | Entered a Gauntlet
 11059 | Gauntlet | Found a transporter.
 11074 | Gauntlet | Found a transporter.
 11279 | Gauntlet | Found a transporter.
 11285 | Gauntlet | Found a transporter.
 11297 | Gauntlet | Noticed an entropy weaver
 11306 | Gauntlet | Found a transporter.
 11306 | Gauntlet | Identified the +5 pair of boots "Huvesura" {rC+ Regen+
                  | Int+3 Slay+3}
 11317 | Gauntlet | Identified the ring of Balance {Ice rElec rPois}
 11319 | Gauntlet | Found a transporter.
 11331 | Gauntlet | Found a transporter.
 11341 | Gauntlet | Noticed a quicksilver ooze
 11342 | Gauntlet | Identified the ring of Yciodyl {rPois rC++ rCorr}
 11343 | Gauntlet | Found a transporter.
 11355 | Gauntlet | Found a transporter.
 11367 | Gauntlet | Found a transporter.
 11370 | Gauntlet | Noticed a cacodemon
 11384 | Gauntlet | Found a transporter.
 11402 | Gauntlet | Found a transporter.
 11404 | Gauntlet | Found a transporter.
 11406 | Gauntlet | Found a runed translucent gate.
 11406 | Gauntlet | Found a runed translucent gate.
 11406 | Gauntlet | Found a runed translucent gate.
 11407 | Gauntlet | Found a large runed translucent door.
 11407 | Gauntlet | Found a large runed translucent door.
 11409 | Gauntlet | Found a large runed translucent door.
 11410 | Gauntlet | Found a large runed translucent door.
 11416 | Gauntlet | Found a large runed translucent door.
 11416 | Gauntlet | Found a large runed translucent door.
 11417 | Gauntlet | Found a large runed translucent door.
 11417 | Gauntlet | Found a large runed translucent door.
 11420 | Gauntlet | Found a large runed translucent door.
 11420 | Gauntlet | Found a large runed translucent door.
 11420 | Gauntlet | Found a runed translucent door.
 11421 | Gauntlet | Found a large runed translucent door.
 11422 | Gauntlet | Found a large runed translucent door.
 11427 | Gauntlet | Found a runed translucent door.
 11431 | Gauntlet | Found a large runed translucent door.
 11431 | Gauntlet | Found a large runed translucent door.
 11432 | Gauntlet | Found a large runed translucent door.
 11433 | Gauntlet | Found a large runed translucent door.
 11433 | Gauntlet | Found a transporter.
 11435 | Gauntlet | Found a transporter.
 11437 | Gauntlet | Found a transporter.
 11465 | Gauntlet | Found a transporter.
 11467 | Gauntlet | Found a transporter.
 11731 | Gauntlet | Identified the +7 dagger "Nocsatoboa" {heavy, rElec Int+5}
 11731 | Gauntlet | Identified the +0 robe of Pandemonium {Harm Archmagi}
 11731 | Gauntlet | Identified the Anthology of Conflict
 11731 | Gauntlet | Identified the +9 falchion "Killer Bee's Curse" {freeze,
                  | rElec Int+5}
 11731 | Gauntlet | Noticed a minotaur
 11747 | Gauntlet | Killed a minotaur
 11874 | D:12     | Found a staircase to the Orcish Mines.
 11885 | D:12     | Noticed a boulder beetle
 11911 | D:12     | Killed a boulder beetle
 12003 | D:12     | Reached skill level 5 in Necromancy
 12015 | D:12     | Identified the ring of Temptation {rF- Will+ Str+2 SInv}
 12055 | D:12     | Killed a centaur warrior
 12150 | D:11     | Learned a level 4 spell: Dispel Undead
 12286 | D:12     | Reached **** piety under Ashenzari
 12424 | D:12     | Reached skill level 1 in Summonings
 12424 | D:12     | Reached XP level 13. HP: 115/125 MP: 3/12
 12557 | D:12     | Noticed Erolcha
 12564 | D:12     | Killed Erolcha
 12565 | D:12     | Reached skill level 13 in Fighting
 12750 | D:12     | Identified the +4 hand axe of Kismet {heavy, Str+2}
 13187 | Orc:1    | Entered Level 1 of the Orcish Mines
 13246 | Orc:1    | Noticed an orc warlord
 13280 | Orc:1    | Reached skill level 1 in Spellcasting
 13295 | Orc:1    | Killed an orc warlord
 13481 | Orc:1    | Paralysed by an orc sorcerer for 3 turns
 13612 | Orc:2    | Entered Level 2 of the Orcish Mines
 13662 | Orc:2    | Found a staircase to the Elven Halls.
 14018 | Orc:2    | Found Enex's Antique Weapon Emporium.
 14018 | Orc:2    | Found Qedivici's Book Boutique.
 14064 | Orc:2    | Learned a level 5 spell: Agony
 14071 | Orc:2    | Learned a level 6 spell: Simulacrum
 14407 | Orc:2    | Found Lijeopn's Assorted Antiques.
 14407 | Orc:2    | Found Taseta's Jewellery Emporium.
 14414 | Orc:2    | Bought a scroll labelled SIAN NOSHIAZY for 36 gold pieces
 14468 | Orc:2    | Noticed Snorg
 14481 | Orc:2    | Killed Snorg
 14508 | Orc:2    | Bought the ring "Pemo" {rElec AC+4 Str+2 Dex+3} for 847
                  | gold pieces
 14555 | Orc:2    | Found Limuudus's Antique Armour Boutique.
 14563 | Orc:2    | Bought a twisted scale mail for 324 gold pieces
 14563 | Orc:2    | Identified the +9 scale mail "Ecli" {Str+4} (You bought it
                  | in a shop on level 2 of the Orcish Mines)
 14967 | Lair:1   | Entered Level 1 of the Lair of Beasts
 14976 | Lair:1   | Reached skill level 14 in Fighting
 15023 | Lair:1   | Reached skill level 5 in Summonings
 15090 | Lair:1   | Reached XP level 14. HP: 136/136 MP: 21/21
 16321 | Lair:2   | Reached skill level 10 in Evocations
 16434 | Lair:2   | Found a staircase to the Shoals.
 16590 | Lair:2   | Reached skill level 5 in Spellcasting
 16735 | Lair:2   | Found a hole to the Spider Nest.
 18602 | Lair:4   | Identified the +0 chain mail of Ignis's Esteem {rF+}
 18789 | Lair:4   | Reached skill level 15 in Fighting
 19018 | Lair:5   | Entered Level 5 of the Lair of Beasts
 19027 | Lair:5   | Noticed Josephine
 19117 | Lair:5   | Killed Josephine
 19155 | Lair:5   | Learned a level 7 spell: Ozocubu's Refrigeration
 19179 | Lair:5   | Found a runed translucent door.
 19180 | Lair:5   | Found a staircase to the Slime Pits.
 19180 | Lair:5   | Noticed an azure jelly
 19180 | Lair:5   | Noticed an azure jelly
 19187 | Lair:5   | Reached ***** piety under Ashenzari
 19261 | Lair:5   | Reached XP level 15. HP: 147/147 MP: 26/26
 19831 | Lair:5   | Found a large runed translucent door.
 19832 | Lair:5   | Found a large runed translucent door.
 20255 | Lair:5   | Identified the scarf of Untruth {+Inv, *Corrode Fly rPois
                  | rF+}
 20541 | D:13     | Noticed Jorgrun
 20555 | D:13     | Killed Jorgrun
 20833 | D:13     | Identified the amulet "Pygraw" {Faith Str+3}
 20855 | D:13     | Identified the Annotations on Impurities
 20871 | D:13     | Noticed Nessos
 20888 | D:13     | Killed Nessos
 20905 | D:13     | Reached skill level 16 in Fighting
 20992 | D:13     | Found a gate to the Vaults.
 21097 | D:13     | Noticed Urug
 21105 | D:13     | Killed Urug
 21662 | D:14     | Noticed Louise
 21675 | D:14     | Killed Louise
 21733 | D:14     | Found a shadowy altar of Dithmenos.
 21741 | D:14     | Reached XP level 16. HP: 146/160 MP: 29/29
 22474 | D:15     | Entered Level 15 of the Dungeon
 22600 | D:15     | Reached skill level 1 in Shields
 22845 | D:15     | Found a staircase to the Depths.
 23287 | Spider:1 | Entered Level 1 of the Spider Nest
 23839 | Spider:1 | Reached skill level 17 in Fighting
 24676 | Spider:2 | Reached XP level 17. HP: 168/168 MP: 29/29
 24940 | Spider:2 | Noticed Azrael
 24949 | Spider:2 | Reached skill level 5 in Shields
 24950 | Spider:2 | Killed Azrael
 24998 | Spider:2 | Reached skill level 10 in Necromancy
 25100 | Spider:2 | Identified the +7 shortbow "Ykiv" {freeze, *Slow rElec
                  | Str+2}
 25680 | Spider:3 | Noticed Arachne
 25707 | Spider:3 | Killed Arachne
 25750 | Spider:3 | Reached skill level 18 in Fighting
 26750 | Spider:4 | Entered Level 4 of the Spider Nest
 26954 | Spider:4 | Noticed Lobster4's ghost (adept DECj)
 26954 | Spider:4 | Noticed olourkin's ghost (adept DsGl)
 26968 | Spider:4 | Found a transporter.
 27004 | Spider:4 | Found a transporter.
 27045 | Spider:4 | Noticed Roxanne
 27351 | Spider:4 | Reached XP level 18. HP: 160/178 MP: 30/30
 27464 | Spider:4 | Identified the serpent talisman of Gallantry {+Blink rElec
                  | Str-3 Dex-5}
 27464 | Spider:4 | Noticed Aizul
 27482 | Spider:4 | Killed Aizul
 27655 | Spider:4 | Reached skill level 10 in Shields
 28247 | Spider:4 | Got a gossamer rune of Zot
 28561 | Shoals:1 | Entered Level 1 of the Shoals
 29373 | Shoals:1 | Found a burning altar of Makhleb.
 29997 | Shoals:2 | Noticed Ilsuiw
 30034 | Shoals:2 | Killed Ilsuiw
 30371 | Shoals:2 | Reached XP level 19. HP: 174/187 MP: 31/31
 31038 | Shoals:3 | Reached skill level 19 in Fighting
 31038 | Shoals:3 | Reached skill level 15 in Ice Magic
 31176 | Shoals:3 | Noticed Mara
 31184 | Shoals:3 | Noticed grandjackal's illusion
 31189 | Shoals:3 | Killed Mara
 31515 | Shoals:4 | Entered Level 4 of the Shoals
 31613 | Shoals:4 | Identified the +3 scale mail "Xuixkac" {*Corrode rElec
                  | Dex+2}
 31624 | Shoals:4 | Identified the +7 trident of Clean Conscience {holy, rElec
                  | Str-5 Int+3}
 32074 | Shoals:4 | Identified the +4 chain mail of the Wumpus {rF+ rN+ Int+3
                  | Stlth-}
 32289 | Shoals:4 | Got a barnacled rune of Zot
 32569 | Shoals:3 | Identified the ring of the Hidden Persimmons {rPois Int+6
                  | SInv}
 33079 | Elf:1    | Entered Level 1 of the Elven Halls
 33210 | Elf:1    | Reached ****** piety under Ashenzari
 33213 | Elf:1    | Noticed Donald
 33230 | Elf:1    | Killed Donald
 33379 | Elf:1    | Paralysed by an orc sorcerer for 5 turns
 33467 | Elf:1    | Reached skill level 20 in Fighting
 33636 | Elf:1    | Reached XP level 20. HP: 200/200 MP: 32/32
 33922 | Elf:1    | Identified the +4 quarterstaff "Done" {venom, Fly rC+ Str-3
                  | Int+3}
 34188 | Elf:1    | Noticed Agnes
 34197 | Elf:1    | Killed Agnes
 34267 | Elf:1    | Learned a level 9 spell: Polar Vortex
 35235 | Elf:2    | Found a runed translucent gate.
 35236 | Elf:2    | Found a runed translucent gate.
 35236 | Elf:2    | Found a runed translucent gate.
 35336 | Elf:3    | Entered Level 3 of the Elven Halls
 35521 | Elf:3    | Found Irrikkuj's Jewellery Shop.
 35896 | Elf:3    | Found an ancient bone altar of Kikubaaqudgha.
 36064 | Abyss:3  | Cast into level 3 of the Abyss (a deep elf sorcerer)
 36132 | Abyss:3  | Got an abyssal rune of Zot
 36150 | Elf:3    | Escaped the Abyss
 36304 | Elf:3    | Identified the +11 arbalest of the Ring {heavy, rN++ Str+3
                  | Int-2 Stlth+}
 36304 | Elf:3    | Identified the Compilation of Amorphous Formation
 36307 | Elf:3    | Identified the +6 lajatang "Cimaybbo" {antimagic, rElec
                  | Int+3 Dex+4}
 36369 | Elf:3    | Identified the +7 quarterstaff of the Undead {freeze, rF+
                  | Int+4 SInv}
 36369 | Elf:3    | Identified the amulet "Nacan" {Faith rN+ rCorr Str-4 Dex+5}
 36369 | Elf:3    | Found the macabre finger necklace {Finger+ rN+}
 36369 | Elf:3    | Identified the +0 hat "Dosimm" {Slay+2}
 36370 | Elf:3    | Identified the +3 hand axe of Circular Logic {freeze, rF+
                  | rN+ Str-2 Int+4}
 36370 | Elf:3    | Identified the +5 morningstar of the Immovable Violins
                  | {protect, rN+ Will+ Int-4}
 36370 | Elf:3    | Identified the +5 flail "Irugur" {venom, *Rage *Slow rF+++
                  | rCorr}
 36371 | Elf:3    | Identified the Thoughts on Metamorphic Resurrection
 36730 | Depths:1 | Entered Level 1 of the Depths
 36782 | Depths:1 | Reached XP level 21. HP: 193/209 MP: 35/35
 36787 | Depths:1 | Found a one-way gate leading to the halls of Pandemonium.
 37153 | Depths:1 | Found a gateway to Hell.
 37697 | Depths:1 | Found a runed translucent door.
 37699 | Depths:1 | Noticed Heckotz's ghost (veteran DEHs)
 38134 | Depths:2 | Found a one-way gateway to a ziggurat.
 38240 | Depths:2 | Reached skill level 1 in Armour
 39057 | Depths:2 | Noticed a caustic shrike
 39255 | Depths:2 | Noticed Sojobo
 39273 | Depths:2 | Killed Sojobo
 39459 | Depths:2 | Found Fialoo Leife's Jewellery Boutique.
 39460 | Depths:2 | Found Xewar's Book Emporium.
 39460 | Depths:2 | Found Ymefapont's Book Emporium.
 39538 | Depths:2 | Killed a caustic shrike
 39811 | Depths:3 | Reached skill level 5 in Armour
 40035 | Depths:3 | Found Annesteelo's Antique Armour Boutique.
 40037 | Depths:3 | Found Pememp's Book Boutique.
 40037 | Depths:3 | Found Keubuedite's Antique Armour Shop.
 40072 | Depths:3 | Found Otsy's Book Shop.
 40117 | Depths:3 | Bought a Grand Grimoire for 612 gold pieces
 40356 | Depths:3 | Reached skill level 10 in Summonings
 40362 | Abyss:3  | Cast into level 3 of the Abyss (an occultist)
 40438 | Depths:3 | Escaped the Abyss
 40616 | Depths:3 | Found a one-way gate to the infinite horrors of the Abyss.
 41053 | Depths:3 | Reached XP level 22. HP: 177/217 MP: 36/36
 41142 | Depths:3 | Noticed a golden dragon
 41156 | Depths:3 | Killed a golden dragon
 41603 | Depths:4 | Entered Level 4 of the Depths
 41797 | Depths:4 | Noticed a caustic shrike
 41797 | Depths:4 | Noticed a caustic shrike
 41806 | Depths:4 | Killed a caustic shrike
 41812 | Depths:4 | Killed a caustic shrike
 41817 | Depths:4 | Noticed a caustic shrike
 41822 | Depths:4 | Killed a caustic shrike
 41883 | Depths:4 | Noticed Parghit
 41975 | Depths:4 | Killed Parghit
 42419 | Depths:4 | Found a portal to a secret trove of treasure.
 42467 | Depths:4 | Found a gateway to a bazaar.
 42559 | Depths:4 | Found a gate to the Realm of Zot.
 42566 | Depths:4 | Noticed a golden dragon
 42594 | Depths:4 | Killed a golden dragon
 43127 | Vaults:1 | Entered Level 1 of the Vaults
 43308 | Vaults:1 | Identified the +10 spear "Veuder" {heavy, *Noise rN+ Int+4}
 43635 | Vaults:1 | Reached skill level 10 in Spellcasting
 43683 | Vaults:1 | Found Gukuru's Magic Scroll Boutique.
 43701 | Vaults:1 | Bought a scroll of immolation for 88 gold pieces
 43828 | Vaults:1 | Noticed Nikola
 43850 | Vaults:1 | Killed Nikola
 44670 | Vaults:2 | Noticed Asterion
 44682 | Vaults:2 | Killed Asterion
 44683 | Vaults:2 | Reached XP level 23. HP: 180/225 MP: 38/38
 45023 | Vaults:2 | Noticed Jory
 45034 | Vaults:2 | Killed Jory
 45360 | Vaults:2 | Found a staircase to the Crypt.
 45770 | Vaults:2 | Paralysed by a sphinx for 2 turns
 46350 | Vaults:3 | Identified the +9 battleaxe "Senamipn" {antimagic, rF++
                  | Int+3}
 46516 | Vaults:3 | Found Syif's Distillery.
 46527 | Vaults:3 | Bought a potion of haste for 140 gold pieces
 46527 | Vaults:3 | Bought a potion of curing for 42 gold pieces
 46527 | Vaults:3 | Bought 2 potions of heal wounds for 140 gold pieces
 46527 | Vaults:3 | Bought a potion of curing for 42 gold pieces
 46527 | Vaults:3 | Bought a potion of might for 56 gold pieces
 46527 | Vaults:3 | Bought a potion of cancellation for 112 gold pieces
 46546 | Vaults:3 | Identified the +9 sling of the Equinox {drain, rElec Int+2}
 46747 | Vaults:3 | Learned a level 9 spell: Dragon's Call
 47853 | Vaults:4 | Reached skill level 21 in Fighting
 48453 | Vaults:4 | Reached XP level 24. HP: 203/236 MP: 40/40
 49172 | Vaults:5 | Entered Level 5 of the Vaults
 49182 | Vaults:5 | Reached skill level 15 in Summonings
 49186 | Vaults:5 | Reached skill level 22 in Fighting
 49841 | Vaults:5 | Reached skill level 23 in Fighting
 49843 | Vaults:5 | Noticed Margery
 49846 | Vaults:5 | Killed Margery
 49987 | Vaults:5 | Reached XP level 25. HP: 250/250 MP: 26/40
 50230 | Vaults:5 | Identified the Octavo of the Dose and the Sixfirhy
 50417 | Vaults:5 | Noticed Xtahua
 50431 | Vaults:5 | Killed Xtahua
 50649 | Vaults:5 | Identified the +6 chain mail of Death's Door {Str+4}
 50753 | Vaults:5 | Identified the +1 shortbow of the Queen {flame, Int+3}
 50898 | Vaults:5 | Identified the amulet of Doubts {RegenMP rF+ Str+4 Int-5
                  | Dex+3}
 50899 | Vaults:5 | Identified the ring "Dysob" {Wiz rElec}
 50899 | Vaults:5 | Identified the +2 hat of the Bells {Str+3 Dex+5}
 50899 | Vaults:5 | Identified the +3 scale mail "Nigif" {rPois Int+2}
 50913 | Vaults:5 | Got a silver rune of Zot
 51826 | Slime:1  | Entered Level 1 of the Pits of Slime
 52168 | Slime:1  | Reached skill level 24 in Fighting
 53772 | Slime:5  | Entered Level 5 of the Pits of Slime
 53772 | Slime:5  | Identified the +2 pair of boots of Antique Contentment
                  | {rPois rN+ Int+3}
 53772 | Slime:5  | Identified the ring "Oxosk" {Will++ Int+6}
 53817 | Slime:5  | Noticed the Royal Jelly
 53828 | Slime:5  | Killed the Royal Jelly
 54003 | Slime:5  | Identified the +7 quarterstaff of Distant Worlds {vamp,
                  | Stlth+}
 54004 | Slime:5  | Identified the amulet of Propriety {Spirit Harm Dex+3}
 54005 | Slime:5  | Identified the staff "Wesuvver" {rF+ Dex+2 Fire}
 54062 | Slime:5  | Identified the +3 ring mail "Qawnal" {Str+5 Dex-4 Slay+3
                  | SInv}
 54100 | Slime:5  | Got a slimy rune of Zot
 55655 | Crypt:1  | Entered Level 1 of the Crypt
 55655 | Crypt:1  | Noticed Grunn
 56217 | Crypt:1  | Reached XP level 26. HP: 184/261 MP: 40/40
 56230 | Crypt:1  | Killed Grunn
 58120 | Crypt:2  | Noticed Khufu
 58120 | Crypt:2  | Noticed a royal mummy
 58120 | Crypt:2  | Noticed a royal mummy
 58124 | Crypt:2  | Killed a royal mummy
 58132 | Crypt:2  | Killed a royal mummy
 58135 | Crypt:2  | Killed Khufu
 58504 | Crypt:3  | Entered Level 3 of the Crypt
 58759 | Crypt:3  | Identified the +4 great sword of Leschepi {heavy, Str+3}
 59010 | Crypt:3  | Found a staircase to the Tomb.
 59499 | Crypt:3  | Identified the +7 long sword of Bodily Harmony {freeze, rN+
                  | Str-3 Dex+3}
 59501 | Crypt:3  | Identified the +4 great sword "Baaryun" {flame, Str+3}
 59501 | Crypt:3  | Identified the +5 shortbow of the Priest {drain, rF++}
 59502 | Crypt:3  | Identified the ring of Moodiness {rN+ Int+5 Stlth+}
 59502 | Crypt:3  | Identified the ring "Okloumu" {rF+ rN+ Str+7}
 59539 | Crypt:3  | Noticed a dread lich
 59548 | Crypt:3  | Killed a dread lich
 59653 | Crypt:3  | Noticed an ancient lich
 59653 | Crypt:3  | Noticed an ancient lich
 59662 | Crypt:3  | Killed an ancient lich
 59665 | Crypt:3  | Killed an ancient lich
 59850 | Tomb:1   | Entered Level 1 of the Tomb of the Ancients
 60330 | Tomb:1   | Noticed a royal mummy
 60338 | Tomb:1   | Killed a royal mummy
 60403 | Tomb:1   | Noticed a royal mummy
 60419 | Tomb:1   | Killed a royal mummy
 60841 | Tomb:2   | Noticed a royal mummy
 60842 | Tomb:2   | Noticed a royal mummy
 60847 | Tomb:2   | Noticed a royal mummy
 60849 | Tomb:2   | Killed a royal mummy
 60853 | Tomb:2   | Noticed a royal mummy
 60859 | Tomb:2   | Slain by a death scarab

Illustrated notes

Levels and vault maps discovered:
D:1:      eino_arrival_cavern_b, layout_loops_ring, serial_shops, shop,
          nicolae_diamond_shop, nicolae_shop_behind_doors
D:2:      layout_loops_ring, minmay_goblin_outpost
D:3:      layout_rooms, overflow_temple_1_default, cheibrodos_ashenzari_chains,
          gup_sewer_entry_spiral
D:4:      layout_basic, mainiacjoe_overflow_tiny_flanked,
          minmay_temple_entry_glass, uniq_grinder
D:5:      layout_cave_pods, lemuel_round_altar, nicolae_ossuary_entry_giza,
          nicolae_shop_i_like_big_books, feat_on_display
D:6:      layout_basic, trog_butcher_becter, serial_park_tiny_1
D:7:      layout_rooms, vehumet_statue
D:8:      layout_basic, mainiacjoe_overflow_brackets,
          nicolae_wu_jian_wuxing_cycle, serial_demonic, serial_demonic_f,
          serial_demonic_e, serial_demonic_a, serial_demonic_b
D:9:      layout_basic, grunt_temple_overflow_order_and_chaos_2, fedhas_altar_2,
          general_overflow_altar, lemuel_doored_altar,
          amethyst_overflow_temple_binary, minmay_diamond_spiral, uniq_joseph,
          uniq_harold, uniq_prince_ribbit1
D:10:     layout_roguey, mainiacjoe_overflow_chevrons, lair_entry_dummy,
          dreamdust_wishing_well
D:11:     layout_stronghold, gammafunk_ghost_berserking_beasts
D:12:     layout_layer_cave, hiddenorc2_lemuel, gauntlet_entry_generic,
          uniq_erolcha, uniq_rupert
D:13:     layout_roguey, skrybe_vaults_entry_preservation, uniq_jorgrun,
          uniq_nessos, uniq_urug
D:14:     layout_roguey, nicolae_dithmenos_shadow_blocks,
          grunt_decor_one_mirror, uniq_louise
D:15:     grunt_enter_depths_snipers, layout_basic, zin_angel
Lair:1:   layout_small_grid, minmay_stone_trees_large, grunt_megastairs_5,
          serial_bayou_shore_a
Lair:2:   layout_cave_pods, elwin_shoals_entry_rocks, dummy_spider_entry,
          grunt_megastairs_3
Lair:3:   layout_cave_pods, lemuel_fruit_tree
Lair:4:   layout_layer_cave
Lair:5:   cheibrodos_lair_end_hotspot, layout_gridlike, slime_entry_2,
          minmay_lair_drake_nest, uniq_josephine
Shoals:1: layout_shoals, wheals_shoals_ruined_temple
Shoals:2: layout_shoals, uniq_ilsuiw
Shoals:3: nicolae_shoals_lighthouse, layout_shoals,
          nicolae_shoals_isolated_beach, uniq_mara
Shoals:4: shoals_end_grunt_garden, layout_shoals
Spider:1: spider_temple_joshua
Spider:2: layout_spider_delve, nicolae_spider_rock_and_or_roll, uniq_azrael
Spider:3: layout_spider_delve, hangedman_spider_tarantella_strand, uniq_arachne
Spider:4: spider_rune_water, nzn_ghost_randoct, uniq_aizul, uniq_roxanne
Slime:1:  layout_caves, cheibrodos_slime_lost_civilization_6
Slime:2:  layout_caves
Slime:3:  layout_caves
Slime:4:  layout_caves, cheibrodos_slime_lost_civilization_7
Slime:5:  slime_pit_nicolae_jellycorners
Orc:1:    layout_diamond_mine
Orc:2:    st_orc_town, layout_diamond_mine, serial_shops, shop,
          kennysheep_orc_chapel, uniq_snorg
Elf:1:    minmay_elf_crystal_heptagon, layout_onion_city, evilmike_minifort,
          lemuel_upstairs_altar, uniq_donald, uniq_agnes
Elf:2:    nicolae_elf_blades_crystal_corner, layout_gridlike
Elf:3:    minmay_elf_hall_x, layout_geoelf_grid, serial_shops, shop,
          basic_altar, nicolae_elf_v_pinch
Vaults:1: vaults_room_fours, ontoclasm_vaults_ring_square,
          nicolae_vaults_spaceships, nicolae_vaults_tetromino_T_1,
          nicolae_vaults_wrenched, st_spiral_rooms, v_misc_24,
          vaults_dpeg_diagonal, serial_ice_m, nicolae_vaults_specimen_jars,
          nicolae_vaults_closet_pinwheel_3, grunt_vaults_funnel, v_rooms_6,
          nicolae_vaults_octothorpe, layout_vaults_omnibox, serial_shops, shop,
          uniq_nikola
Vaults:2: vaults_standard_mumra_enter_the_diamond, ontoclasm_vaults_tryst,
          nicolae_vaults_double_plus_3, ontoclasm_vaults_hangar,
          minmay_crypt_entry_simple_box, nicolae_vaults_loss_of_containment,
          hangedman_vaults_nails, v_misc_11, nicolae_vaults_sesquioval_fish,
          nicolae_vaults_asterisk, layout_vaults_omnicross, uniq_jory,
          uniq_asterion
Vaults:3: nicolae_vaults_disjoint_gnomons, v_alt_pattern_6, vaults_dpeg_spiral,
          nicolae_vaults_offset_grid_hallway_2, nicolae_vaults_heist,
          nicolae_vaults_enemy_cabinets, v_rooms_2,
          nicolae_vaults_little_squares_3, hangedman_vaults_impose,
          ontoclasm_vaults_gateway, ontoclasm_vaults_bender,
          nicolae_vaults_closet_pinwheel_3, nicolae_vaults_closet_pinwheel_6,
          nicolae_vaults_variable_pillar_hall,
          nicolae_vaults_storage_room_glass, ontoclasm_vaults_shuriken,
          ontoclasm_vaults_pinch, layout_vaults_maze_bifur, serial_shops,
          nicolae_square_shop
Vaults:4: hangedman_vaults_stretched_pinwheel, vaults_dpeg_ring,
          nicolae_vaults_house_3, v_misc_17,
          nicolae_vaults_offset_grid_hallway_1, vaults_room_fours, v_misc_11,
          nicolae_vaults_crenellated_ambush, nicolae_vaults_more_shelving_1,
          nicolae_vaults_stepped_doors, layout_vaults_omnigrid
Vaults:5: uniq_margery, uniq_xtahua
Crypt:1:  layout_rooms, grunt_megastairs_2, uniq_grunn
Crypt:2:  layout_catacombs, uniq_khufu
Crypt:3:  david_glass_crypt, layout_rooms
Tomb:1
Tomb:2
Depths:1: layout_honeycomb, muffindrake_ghost_three_little_ghosts,
          rand_demon_pan_entry_7, hell_entry, kennysheep_generic_room_3
Depths:2: minmay_open_boxes_in_corner, layout_gridlike, enter_ziggurat_e,
          hell_entry, pan_entry, roderic_lattice_octagonal_star,
          infiniplex_staircase_pool_2, minmay_shop_grove, uniq_sojobo
Depths:3: kennysheep_room_grid, layout_basic, grunt_pan_entry_zigzag,
          abyss_entry, serial_library_hellmonk_room_c, hell_entry,
          infiniplex_staircase_squiggle, minmay_shoptagon
Depths:4: evilmike_zot_entry_round, layout_cave_pools,
          serial_library_hellmonk_open_square, serial_shops, bzr_entry_gold,
          abyss_entry_crystal, nicolae_trove_entry_columns, pan_entry,
          grunt_mini_vestibule, nicolae_titane, uniq_parghit

Skill      XL: |  1  2  3  4  5  6  7  8  9 10 11 12 13 14 15 16 17 18 19 20 21 22 23 24 25 26 |
---------------+-------------------------------------------------------------------------------+-----
Dodging        | 3 |  3.0
Fighting       | 4 5 6 7 9 10 11 12 14 15 16 17 18 20 21 23 24 | 24.3
Unarmed Combat | 4 5 6 7 8 |  8.6
Ice Magic      | 1 2 3 4 6 7 9 10 12 13 14 16 17 19 21 22 | 22.7
Staves         | 2 4 6 7 |  7.9
Evocations     | 2 4 6 8 9 10 11 12 13 | 13.5
Necromancy     | 3 5 6 7 9 10 11 | 11.4
Summonings     | 1 5 6 7 9 10 12 14 16 18 20 | 20.5
Spellcasting   | 4 6 8 10 11 12 | 12.9
Shields        | 4 9 12 | 12.9
Armour         | 6 |  6.9

Action                     |  1- 3 |  4- 6 |  7- 9 | 10-12 | 13-15 | 16-18 | 19-21 | 22-24 | 25-27 || total
---------------------------+-------+-------+-------+-------+-------+-------+-------+-------+-------++-------
  Melee: Unarmed           |    87 |   301 |   407 |   321 |       |       |       |       |       ||  1116
         Staff             |       |       |       |   361 |  1109 |  1510 |  1581 |  1033 |  1251 ||  6845
   Cast: Ozocubu's Armour  |       |       |       |     2 |     3 |       |       |       |       ||     5
         Dispel Undead     |       |       |       |     3 |     6 |       |     8 |    14 |    99 ||   130
         Agony             |       |       |       |       |     1 |       |     1 |     3 |     1 ||     6
         Simulacrum        |       |       |       |       |     3 |       |       |     2 |       ||     5
         Ozocubu's Refrige |       |       |       |       |       |    23 |    63 |    88 |    55 ||   229
         Vampiric Draining |       |       |       |       |       |     1 |       |       |       ||     1
         Polar Vortex      |       |       |       |       |       |       |       |     6 |     6 ||    12
         Dragon's Call     |       |       |       |       |       |       |       |       |     1 ||     1
 Invoke: Curse Item        |       |     1 |     1 |     4 |     4 |     1 |     2 |       |       ||    13
         Shatter the Chain |       |       |       |       |     2 |     1 |       |       |     1 ||     4
  Evoke: Wand              |       |       |       |    13 |     5 |    19 |     1 |    11 |     2 ||    51
         Lightning rod     |       |       |       |     6 |     3 |     3 |     4 |     2 |     7 ||    25
         Phantom mirror    |       |       |       |       |     2 |       |     2 |     1 |       ||     5
         Box of beasts     |       |       |       |       |       |     1 |     4 |     1 |     1 ||     7
    Use: Potion            |       |    10 |       |     4 |       |     2 |     4 |       |     4 ||    24
         Scroll            |       |       |     1 |     5 |       |     1 |     6 |     1 |     8 ||    22
   Stab: Distracted        |       |       |       |     1 |       |       |       |     2 |       ||     3
         Paralysed         |       |       |       |    35 |     5 |       |     2 |    39 |       ||    81
 Armour: Robe              |    19 |       |       |       |       |       |       |       |       ||    19
         Ring mail         |    26 |   235 |   207 |   412 |   118 |       |       |       |       ||   998
         Scale mail        |       |       |       |       |   578 |  1244 |   962 |   755 |   905 ||  4444
  Dodge: Dodged            |    42 |   246 |   226 |   560 |   828 |   573 |   334 |   290 |   355 ||  3454
         Repelled          |       |       |       |     2 |    12 |     8 |    23 |     6 |       ||    51
  Block: Kite shield       |       |       |       |       |       |  1350 |  1158 |   903 |  1186 ||  4597
         Reflection        |       |       |       |       |       |    33 |    65 |    58 |     8 ||   164

Table legend: (Time is in decaauts)
 A = Elapsed time spent in this place.
 B = Non-inter-level travel time spent in this place.
 C = Inter-level travel time spent in this place.
 D = Time resting spent in this place.
 E = Time spent auto-exploring this place.
 F = Levels seen in this place.
 G = Mean time per level.
                   A        B        C        D        E       F      G
               +--------+--------+--------+--------+--------+-----+--------+
         Total |  59422 |  55570 |   3852 |  11115 |  28159 |  57 | 1042.5 |
       Dungeon |  14700 |  13329 |   1371 |   2408 |   7939 |  15 |  980.0 |
          Lair |   5586 |   4788 |    798 |    166 |   3706 |   5 | 1117.2 |
        Shoals |   4411 |   4168 |    243 |    882 |   1923 |   4 | 1102.8 |
   Spider Nest |   5022 |   4820 |    202 |    918 |   1916 |   4 | 1255.5 |
    Slime Pits |   3461 |   3224 |    237 |    790 |   1690 |   5 |  692.2 |
  Orcish Mines |   1692 |   1520 |    172 |    174 |    693 |   2 |  846.0 |
   Elven Halls |   3249 |   3052 |    197 |    331 |   1203 |   3 | 1083.0 |
        Vaults |   8739 |   8424 |    315 |   2307 |   4290 |   5 | 1747.8 |
         Crypt |   3728 |   3605 |    123 |    824 |   1702 |   3 | 1242.7 |
          Tomb |    992 |    992 |      0 |    290 |    155 |   2 |  496.0 |
        Depths |   5780 |   5591 |    189 |   1451 |   2681 |   4 | 1445.0 |
         Abyss |    144 |    144 |      0 |      5 |      0 |   2 |   72.0 |
         Sewer |    831 |    831 |      0 |    256 |    224 |   1 |  831.0 |
       Ossuary |    400 |    400 |      0 |      0 |     32 |   1 |  400.0 |
      Gauntlet |    680 |    680 |      0 |    312 |      0 |   1 |  680.0 |
               +--------+--------+--------+--------+--------+-----+--------+

Top non-repeatable levels by time:
Vaults:4: 2069 daAuts
Vaults:2: 1963 daAuts
Vaults:3: 1694 daAuts
Depths:3: 1680 daAuts
Spider:4: 1610 daAuts
Depths:2: 1606 daAuts
    D:11: 1584 daAuts
 Crypt:2: 1577 daAuts
Vaults:5: 1550 daAuts
    D:10: 1544 daAuts
    D:12: 1537 daAuts
Vaults:1: 1462 daAuts
Spider:1: 1343 daAuts
  Lair:5: 1342 daAuts
Depths:4: 1306 daAuts
